 Dungeon Crawl Stone Soup version 0.18.1-8-gdd0e5ea (webtiles) character file.

180 Scarto the Skirmisher (level 5, -6/42 HPs)
             Began as a Demonspawn Fighter on June 6, 2016.
             Mangled by Crazy Yiuf
             ... wielding a +2 quarterstaff of chaos
              (18 damage)
             ... on level 3 of the Dungeon.
             The game lasted 00:04:29 (2662 turns).

Scarto the Skirmisher (Demonspawn Fighter)          Turns: 2662, Time: 00:04:30

Health: -6/42      AC:  9    Str: 17    XL:     5   Next: 33%
Magic:  5/5        EV:  7    Int: 13    God:
Gold:   175        SH:  9    Dex: 12    Spells: 0 memorised, 4 levels left

rFire  . . .     SeeInvis .     a - +0 war axe
rCold  . . .     Gourm    +     b - +0 scale mail
rNeg   . . .     Faith    .     c - +0 shield
rPois  .         Spirit   .     (no helmet)
rElec  .         Dismiss  .     (no cloak)
rCorr  .         Reflect  .     (no gloves)
SustAt .         Harm     .     (no boots)
MR     .....                    f - amulet of the gourmand
Stlth  +.........               k - +3 ring of intelligence
                                h - ring of stealth

@: slowed, very slow, not resistant to hostile enchantments, very unstealthy
A: yellow scales 1, powered by pain 2
a: no special abilities


You were on level 3 of the Dungeon.
You were full.

You visited 1 branch of the dungeon, and saw 3 of its levels.

You collected 175 gold pieces.

Inventory:

Hand Weapons
 a - a +0 war axe (weapon)
Armour
 b - a +0 scale mail (worn)
 c - a +0 shield (worn)
Jewellery
 f - an amulet of the gourmand (around neck)
 h - a ring of stealth (left hand)
 j - an uncursed amulet of rage
 k - a +3 ring of intelligence (right hand)
Scrolls
 e - a scroll of recharging {unknown}
 l - 2 scrolls of identify {unknown}
 n - a scroll of amnesia {unknown}
 p - 2 scrolls of random uselessness {unknown}
 u - a scroll of teleportation {unknown}
Potions
 d - a potion of might
 g - 2 potions of cancellation {unknown}
Comestibles
 i - a slice of pizza
 m - a meat ration
 o - 2 bread rations


   Skills:
 + Level 3.9 Fighting
 + Level 2.9 Axes
 + Level 3.7 Armour
 + Level 3.5 Shields


You had 4 spell levels left.
You didn't know any spells.

Dungeon Overview and Level Annotations

Branches:
Dungeon (3/15)

Altars:

Annotations:
D:3 Crazy Yiuf


Innate Abilities, Weirdness & Mutations

You are partially covered in yellow scales (AC +2).
You sometimes gain power by taking damage.


Message History

You slash Crazy Yiuf!
Crazy Yiuf is severely wounded.
You block Crazy Yiuf's attack.
You closely miss Crazy Yiuf.
Crazy Yiuf is severely wounded.
Crazy Yiuf hits you with a quarterstaff of chaos.
You feel yourself slow down.
You hit Crazy Yiuf but do no damage.
Crazy Yiuf is severely wounded.
Crazy Yiuf barely misses you. x2
Your shield and scale mail prevent you from hitting Crazy Yiuf.
Crazy Yiuf is severely wounded.
You block Crazy Yiuf's attack. Crazy Yiuf hits you but does no damage.
You closely miss Crazy Yiuf.
Crazy Yiuf is severely wounded.
Crazy Yiuf hits you with a quarterstaff of chaos!
Crazy Yiuf hits you with a quarterstaff of chaos.
* * * LOW HITPOINT WARNING * * *
You are electrocuted!
You die...

##(......#
#....#
#.....##(#.#
#.......#
♣P.PP♣
#.....##.#'#
#.......#
♣...♣♣
#.....##....
####.......#
♣♣.♣♣
#.....##....
...).......#
♣.♣♣
#...........
#####......#
♣♣.♣
#########...
# #......#
♣.♣♣ #... #
#......#
♣♣.♣ #... #
#......# #@#
#... #
########
#.g.# #...
###########
#...# #...
..<.......#
#..)# ####
#########.#
##### #.#
#.# #####
#.# #....
#.# #.###


You could see Crazy Yiuf.

Vanquished Creatures
  The ghost of deorigin the Changer, an amateur DrTm (D:3)
  3 adders (D:2)
  2 worms
  A dart slug (D:1)
  A giant gecko (D:1)
  2 orcs (D:3)
  3 bats
  2 giant cockroaches
  6 goblins
  2 hobgoblins (D:2)
  17 jackals
  5 kobolds
  2 quokkas (D:2)
  2 giant newts (D:1)
  7 rats
56 creatures vanquished.

Notes
Turn   | Place    | Note
--------------------------------------------------------------
     0 | D:1      | Scarto the Demonspawn Fighter began the quest for the Orb.
     0 | D:1      | Reached XP level 1. HP: 18/18 MP: 1/1
   168 | D:1      | Gained mutation: You sometimes gain a little power by taking damage. [demonic ancestry]
   168 | D:1      | Reached XP level 2. HP: 12/24 MP: 2/2
   629 | D:1      | Reached XP level 3. HP: 27/29 MP: 3/3
  1527 | D:2      | Gained mutation: You are partially covered in yellow scales (AC +2). [demonic ancestry]
  1527 | D:2      | Reached XP level 4. HP: 21/35 MP: 4/4
  1636 | D:2      | Gained mutation: You have a pair of small antennae on your head. [potion of mutation]
  1636 | D:2      | Gained mutation: You are resistant to hostile enchantments. [potion of mutation]
  1636 | D:2      | Gained mutation: Your flesh is cold resistant. [potion of mutation]
  1641 | D:2      | Lost mutation: You are resistant to hostile enchantments. [potion of cure mutation]
  1641 | D:2      | Lost mutation: Your flesh is cold resistant. [potion of cure mutation]
  1641 | D:2      | Lost mutation: You have a pair of small antennae on your head. [potion of cure mutation]
  2055 | D:3      | Noticed deorigin's ghost (amateur DrTm)
  2071 | D:3      | Killed deorigin's ghost
  2071 | D:3      | Gained mutation: You sometimes gain power by taking damage. [demonic ancestry]
  2071 | D:3      | Reached XP level 5. HP: 18/42 MP: 5/5
  2653 | D:3      | Noticed Crazy Yiuf
  2662 | D:3      | Mangled by Crazy Yiuf

Skill      XL: |  1  2  3 |
---------------+----------+-----
Axes           | 2 |  2.9
Armour         | 3 |  3.7
Shields        | 3 |  3.5
Fighting       | |  3.9

Action                   |  1- 3 |  4- 6 || total
-------------------------+-------+-------++-------
Melee: War axe           |   147 |   101 ||   248
  Use: Potion            |       |     8 ||     8
  Eat: Bread ration      |     2 |       ||     2
       Chunk             |       |     8 ||     8
Armor: Scale mail        |    79 |    46 ||   125
Dodge: Dodged            |    39 |    39 ||    78
Block: Shield            |    78 |    48 ||   126
